 Dungeon Crawl Stone Soup version 0.22-a0-456-g11ed031617 (webtiles) character file.

12299 RedPan the Geomancer (level 11, -28/67 HPs)
             Began as a Gargoyle Earth Elementalist on June 6, 2018.
             Was an Elder of Vehumet.
             Annihilated by a phantasmal warrior (30 damage)
             ... on level 2 of the Abyss.
             The game lasted 00:38:35 (11235 turns).

RedPan the Geomancer (Gargoyle Earth Elementalist) Turns: 11235, Time: 00:38:36

Health: -28/67     AC: 17    Str: 20    XL:     11   Next: 91%
Magic:  9/31       EV: 12    Int: 19    God:    Vehumet [****..]
Gold:   916        SH:  5    Dex: 10    Spells: 4/25 levels left

rFire    . . .     SeeInvis .   q - +11 long sword of the Pure Continents {elec, rC+ MP+9 Str+3}
rCold    + . .     Gourm    .   C - +0 buckler
rNeg     + . .     Faith    .   c - +0 robe
rPois    ∞         Spirit   .   t - +0 helmet
rElec    +         Reflect  .   B - +0 cloak
rCorr    .         Harm     .   l - +1 pair of gloves
MR       .....                  (no boots)
Stlth    ++........             (no amulet)
HPRegen  0.21/turn              h - +2 ring of protection
MPRegen  0.22/turn              v - ring of protection from magic

@: mighty, vulnerable, hasted, very quick
A: negative energy resistance 1, electricity resistance, unbreathing,
petrification resistance, rot immunity, AC +8
a: Renounce Religion


You were on level 2 of the Abyss.
You worshipped Vehumet.
Vehumet was greatly pleased with you.
You were near starving.

You visited 2 branches of the dungeon, and saw 12 of its levels.
You visited the Abyss 1 time.
You also visited: Bailey.

You collected 916 gold pieces.

Inventory:

Hand Weapons
 q - the +11 long sword of the Pure Continents (weapon) {elec, rC+ MP+9 Str+3}
   (You found it on level 4 of the Dungeon)

   Occasionally, upon striking a foe, it will discharge some electrical energy
   and cause terrible harm.
   It affects your strength (+3).
   It protects you from cold.
   It affects your magic capacity (+9).
 N - the +6 war axe "Newon" {freeze, MR+ Int+4 Stlth+, unknown}
   (You took it off an orc on level 9 of the Dungeon)

   It has been specially enchanted to freeze those struck by it, causing extra
   injury to most foes and up to half again as much damage against particularly
   susceptible opponents.
   It can also slow down cold-blooded creatures.
   It affects your intelligence (+4).
   It affects your resistance to hostile enchantments.
   It makes you more stealthy.
Missiles
 b - 77 stones (quivered)
Armour
 c - a +0 robe (worn)
 l - a +1 pair of gloves (worn)
 t - a +0 helmet (worn)
 B - a +0 cloak (worn)
 C - a +0 buckler (worn)
Jewellery
 h - a +2 ring of protection (left hand)
 v - a ring of protection from magic (right hand)
 A - a +2 ring of dexterity
 G - an uncursed ring of see invisible
 I - an uncursed ring of resist corrosion
 M - an uncursed ring of flight
Wands
 y - a wand of flame (20)
 z - a wand of digging (16)
 D - a wand of scattershot (15)
 H - a wand of polymorph (12)
 R - a wand of disintegration (4)
Scrolls
 e - a scroll of blinking
 f - 7 scrolls of teleportation
 k - 4 scrolls of enchant armour
 u - 9 scrolls of remove curse
 w - 2 scrolls of identify
 x - 2 scrolls of fear
 F - a scroll of enchant weapon
 L - 3 scrolls of magic mapping
 O - a scroll of brand weapon
 P - 3 scrolls of fog
Potions
 a - 3 potions of berserk rage
 g - 4 potions of lignification
 i - a potion of might
 j - a potion of haste
 m - a potion of resistance {unknown}
 n - a potion of magic {unknown}
 o - 3 potions of flight
 p - 9 potions of curing
 s - 2 potions of cancellation
 E - a potion of mutation {unknown}
 J - a potion of agility {unknown}
 K - a potion of ambrosia {unknown}
 Q - a potion of brilliance {unknown}
Comestibles
 d - 23 rations


   Skills:
 + Level 7.1 Fighting
 - Level 4.0 Long Blades
 + Level 8.1 Armour
 - Level 1.5 Dodging
 - Level 2.1 Stealth
 + Level 7.2 Shields
 + Level 7.8 Spellcasting
 * Level 6.3 Conjurations
 - Level 4.0 Transmutations
 - Level 10.0 Earth Magic


You had 4 spell levels left.
You knew the following spells:

 Your Spells              Type           Power        Failure   Level  Hunger
a - Sandblast             Erth           #####.       1%          1    None
b - Passwall              Tmut/Erth      ####....     1%          2    None
c - Stone Arrow           Conj/Erth      #####.       1%          3    #......
d - Petrify               Tmut/Erth      ####....     4%          4    ###....
e - Lee's Rapid Deconstr  Erth           #####.....   1%          5    #####..
f - Iron Shot             Conj/Erth      #####.....   13%         6    ######.

Your spell library contained the following spells:

 Spells                   Type           Power        Failure   Level  Hunger
 Bolt of Magma            Conj/Fire/Erth ####......   8%          5    #####..
 Venom Bolt               Conj/Pois      ###.......   17%         5    #####..
 Orb of Destruction       Conj           ####......   78%         7    #######
 Iskenderun's Battlesphe  Conj/Chrm      ###.....     17%         5    #####..
 Spellforged Servitor     Conj/Summ      ###.......   99%         7    #######


Dungeon Overview and Level Annotations

Branches:
Dungeon (11/15)            Temple (1/1) D:6             Orc (0/2) D:10
   Lair: D:8-11

Altars:
Ashenzari
Cheibriados
Dithmenos
Elyvilon
Fedhas
Gozag
Hepliaklqana
Kikubaaqudgha
Makhleb
Nemelex Xobeh
Okawaru
Qazlal
Ru
Sif Muna
Trog
Uskayaw
Vehumet
Wu Jian
Xom
Yredelemnul
Zin
The Shining One


Innate Abilities, Weirdness & Mutations

You are resistant to torment.
Your stone body is resilient. (AC +8)
You are immune to poison.
You resist negative energy. (rN+)
You are resistant to electric shocks. (rElec)
You can survive without breathing.
You are immune to petrification.
You are immune to rotting.


Message History

You hit the hellwing but do no damage. Lightning courses through the hellwing!
The hellwing is moderately wounded.
The hellwing misses you. The hellwing hits you.
The phantasmal warrior hits you.
You hit the hellwing but do no damage. Lightning courses through the hellwing!
The hellwing is heavily wounded.
You block the hellwing's attack. The hellwing hits you.
The phantasmal warrior hits you!!
* * * LOW HITPOINT WARNING * * *
Your magical defenses are stripped away!
You block the hellwing's attack. The hellwing barely misses you.
You feel much better. The phantasmal warrior hits you!!
* * * LOW HITPOINT WARNING * * *
The hellwing hits you.
* * * LOW HITPOINT WARNING * * *
The hellwing hits you.
* * * LOW HITPOINT WARNING * * *
Unknown command.
You feel yourself speed up. The phantasmal warrior hits you!!
You die...

#.# # . . #
##. ## # #
.. ...
..##. #.
#.. #..# #.
.##.# ##
####.#.#
..#
##.#....#
##..#.
#4G.#. ## .
##)@##. .#
#####.#.W.#
####.## #.#
#.)§..#
####§.. #
##3


You could see a glowing orange brain, a phantasmal warrior and a hellwing.

Vanquished Creatures
  Erica (D:8)
  6 two-headed ogres
  A soul eater (Abyss:2)
  A worldbinder (Abyss:2)
  A gargoyle (D:10)
  2 efreet (Abyss:2)
  The ghost of afd the Magician, a novice DsFE (D:6)
  Grinder (D:3)
  A small abomination (Abyss:2)
  2 hungry ghosts
  3 orc warriors
  2 sky beasts
  2 ice beasts
  4 phantoms
  8 ogres
  An eye of draining (D:6)
  3 centaurs
  The ghost of HANFGEIST the Magician, an amateur DEWz (D:3)
  A big kobold (D:5)
  8 gnoll sergeants (Bailey)
  7 bullfrogs
  A wyvern skeleton (D:8)
  3 scorpions
  A water moccasin skeleton (D:10)
  6 killer bees (D:8)
  2 howler monkeys
  A bullfrog zombie (D:8)
  2 crimson imps
  3 jellies
  A centaur zombie (D:8)
  Crazy Yiuf (D:3)
  6 hounds
  A centaur skeleton (D:6)
  3 orc priests
  3 bullfrog skeletons
  Terence (D:3)
  Ijyb (D:3)
  6 gnoll shamans (Bailey)
  An iguana (D:6)
  7 worker ants
  6 orc wizards
  A hound skeleton (D:4)
  2 worker ant zombies
  14 gnolls (Bailey)
  6 adders
  2 shadow imps
  An ufetubus (Abyss:2)
  2 oozes
  3 worms
  A dart slug (D:4)
  2 leopard geckos
  40 orcs
  11 bats
  5 giant cockroaches
  10 goblins
  11 hobgoblins
  4 jackals (D:5)
  10 quokkas
  3 ball pythons
  4 frilled lizards
  2 jackal skeletons (D:4)
  A jackal zombie (D:6)
  15 kobolds
  2 leopard gecko skeletons (D:4)
  4 rats
269 creatures vanquished.

Vanquished Creatures (others)
  A frilled lizard (D:5)
1 creature vanquished.

Grand Total: 270 creatures vanquished

Notes
Turn   | Place    | Note
-------+----------+-------------------------------------------
     0 | D:1      | RedPan the Gargoyle Earth Elementalist began the quest for the Orb.
     0 | D:1      | Reached XP level 1. HP: 10/10 MP: 3/3
   164 | D:1      | Reached skill level 4 in Earth Magic
   177 | D:1      | Reached XP level 2. HP: 15/15 MP: 1/5
   502 | D:1      | Learned a level 2 spell: Passwall
  1179 | D:2      | Reached XP level 3. HP: 18/19 MP: 4/6
  1305 | D:2      | Learned a level 3 spell: Stone Arrow
  1617 | D:2      | Found a radiant altar of Vehumet.
  1650 | D:2      | Found a hide-covered altar of Uskayaw.
  1762 | D:2      | Reached skill level 5 in Earth Magic
  1782 | D:2      | Reached XP level 4. HP: 21/24 MP: 4/7
  1966 | D:3      | Noticed HANFGEIST's ghost (amateur DEWz)
  1973 | D:3      | Killed HANFGEIST's ghost
  1973 | D:3      | Reached skill level 1 in Fighting
  1973 | D:3      | Reached XP level 5. HP: 29/29 MP: 3/9
  2120 | D:3      | Noticed Ijyb
  2144 | D:3      | Killed Ijyb
  2281 | D:3      | Learned a level 4 spell: Petrify
  2342 | D:3      | Noticed Grinder
  2347 | D:3      | Killed Grinder
  2347 | D:3      | Reached XP level 6. HP: 36/36 MP: 9/11
  2552 | D:3      | Noticed Terence
  2558 | D:3      | Killed Terence
  2558 | D:3      | Reached skill level 6 in Earth Magic
  2612 | D:3      | Found a runed door.
  2751 | D:3      | Noticed Crazy Yiuf
  2757 | D:3      | Killed Crazy Yiuf
  2757 | D:3      | Reached XP level 7. HP: 33/40 MP: 6/12
  2825 | D:4      | Reached skill level 1 in Transmutations
  3184 | D:4      | Reached skill level 1 in Armour
  3301 | D:2      | Became a worshipper of Vehumet
  3604 | D:4      | Found a shattered altar of Ashenzari.
  3651 | D:4      | Got a fine long sword
  3652 | D:4      | Identified the +11 long sword of the Pure Continents {elec, rC+ MP+9 Str+3} (You found it on level 4 of the Dungeon)
  3811 | D:4      | Reached skill level 1 in Long Blades
  4146 | D:5      | Entered Level 5 of the Dungeon
  4163 | D:5      | Reached XP level 8. HP: 42/46 MP: 14/14
  4396 | D:5      | Found a shimmering altar of Xom.
  4406 | D:5      | Reached * piety under Vehumet
  4406 | D:5      | Offered knowledge of Flame Tongue by Vehumet.
  5023 | D:6      | Learned a level 5 spell: Lee's Rapid Deconstruction
  5089 | D:6      | Found a staircase to the Ecumenical Temple.
  5170 | Temple   | Entered the Ecumenical Temple
  5313 | D:6      | Found a shadowy altar of Dithmenos.
  5551 | D:6      | Found a hazy altar of Hepliaklqana.
  5661 | D:6      | Noticed afd's ghost (novice DsFE)
  5670 | D:6      | Killed afd's ghost
  5670 | D:6      | Reached skill level 7 in Earth Magic
  5706 | D:6      | Reached XP level 9. HP: 52/52 MP: 16/16
  5875 | D:7      | Reached skill level 1 in Shields
  6303 | D:7      | Found a burning altar of Makhleb.
  6303 | D:7      | Noticed a blizzard demon
  6399 | D:7      | Reached skill level 5 in Spellcasting
  6472 | D:8      | Reached ** piety under Vehumet
  6480 | D:8      | Offered knowledge of Freeze by Vehumet.
  6512 | D:8      | Noticed Erica
  6521 | D:8      | Killed Erica
  6521 | D:8      | Reached skill level 8 in Earth Magic
  6767 | D:8      | Reached skill level 5 in Armour
  6774 | D:8      | Reached XP level 10. HP: 39/58 MP: 18/18
  6887 | D:8      | Noticed a two-headed ogre
  6891 | D:8      | Killed a two-headed ogre
  7234 | D:9      | Reached skill level 9 in Earth Magic
  7298 | D:9      | Offered knowledge of Inner Flame by Vehumet.
  7508 | D:9      | Got a dazzling war axe {freeze}
  7649 | D:9      | Noticed a two-headed ogre
  7681 | D:9      | Killed a two-headed ogre
  7681 | D:9      | Reached skill level 5 in Fighting
  7681 | D:9      | Reached skill level 5 in Shields
  8168 | D:9      | Noticed a two-headed ogre
  8184 | D:9      | Noticed a two-headed ogre
  8495 | D:9      | Reached *** piety under Vehumet
  8612 | D:9      | Killed a two-headed ogre
  8712 | D:9      | Reached XP level 11. HP: 64/64 MP: 21/21
  8874 | D:9      | Noticed a two-headed ogre
  8894 | D:9      | Killed a two-headed ogre
  8975 | D:9      | Killed a two-headed ogre
  8975 | D:9      | Reached skill level 10 in Earth Magic
  9016 | D:10     | Entered Level 10 of the Dungeon
  9188 | D:10     | Offered knowledge of Dazzling Spray by Vehumet.
  9202 | D:10     | Noticed a two-headed ogre
  9222 | D:10     | Killed a two-headed ogre
  9435 | D:10     | Found a flagged portal.
  9441 | Bailey   | Entered a bailey
  9910 | Bailey   | Reached skill level 5 in Conjurations
  9915 | Bailey   | Reached **** piety under Vehumet
 10035 | Bailey   | Offered knowledge of Sticky Flame by Vehumet.
 10394 | D:10     | Found a staircase to the Orcish Mines.
 11019 | D:10     | Learned a level 6 spell: Iron Shot
 11072 | D:11     | Noticed a wizard
 11072 | D:11     | Noticed a wizard
 11072 | D:11     | Cast into level 2 of the Abyss (a wizard)
 11194 | Abyss:2  | Noticed a soul eater
 11206 | Abyss:2  | Noticed a worldbinder
 11212 | Abyss:2  | Noticed an ironheart preserver
 11212 | Abyss:2  | Killed a soul eater
 11217 | Abyss:2  | Noticed an ironheart preserver
 11217 | Abyss:2  | Noticed an ironheart preserver
 11218 | Abyss:2  | Noticed an ironheart preserver
 11224 | Abyss:2  | Killed a worldbinder
 11228 | Abyss:2  | Noticed a glowing orange brain
 11229 | Abyss:2  | Noticed a phantasmal warrior
 11234 | Abyss:2  | HP: 2/67 [hellwing (6)]
 11235 | Abyss:2  | Annihilated by a phantasmal warrior

Vault maps used:
D:1:      dpeg_arrival_radiant
D:2:      marbit_many_paths, nicolae_overflow_hidden_temple, first_ration
D:3:      uniq_crazy_yiuf_cottage, uniq_ijyb, uniq_grinder, uniq_terence
D:4:      old_standard_altar, kennysheep_small_square
D:5:      cheibrodos_thug_alley, xom_confusion_cloud, kennysheep_generic_room_16
D:6:      lemuel_crystal_altar, lemuel_crystal_altar, temple_fountains
D:7:      grunt_ogre_cave, makhleb_altar_promises_db
D:8:      minmay_diamond_stairs, uniq_erica
D:10:     orc_0_dummy, enter_bailey_3
D:11:     minmay_smoke_and_mirrors, lair_entry_dummy
Temple:   kb_temple_of_zot
Bailey:   bailey_polearm_gnolls_kennysheep, bailey

Skill      XL: |  1  2  3  4  5  6  7  8  9 10 11 |
---------------+----------------------------------+-----
Earth Magic    | 4 5 6 7 8 9 10 | 10.0
Fighting       | 1 2 3 4 5 7 |  7.1
Conjurations   | 2 3 4 6 |  6.3
Spellcasting   | 3 4 5 6 7 |  7.8
Transmutations | 1 2 4 |  4.0
Armour         | 1 3 5 6 8 |  8.1
Long Blades    | 1 3 4 |  4.0
Shields        | 3 5 7 |  7.2
Dodging        | |  1.5
Stealth        | |  2.1

Action                   |  1- 3 |  4- 6 |  7- 9 | 10-12 || total
-------------------------+-------+-------+-------+-------++-------
Melee: Hand axe          |    68 |    29 |       |       ||    97
       Unarmed           |     1 |       |       |       ||     1
       Falchion          |       |     1 |    47 |       ||    48
       Long sword        |       |       |   157 |   266 ||   423
 Cast: Sandblast         |    34 |    46 |    14 |       ||    94
       Lee's Rapid Decon |       |       |       |    22 ||    22
       Petrify           |       |       |       |    13 ||    13
       Stone Arrow       |       |       |       |     6 ||     6
Evoke: Wand              |       |     3 |       |       ||     3
  Use: Scroll            |     4 |     3 |    12 |     5 ||    24
       Potion            |       |       |       |     6 ||     6
 Stab: Distracted        |     1 |       |     1 |       ||     2
       Sleeping          |     3 |       |     5 |     4 ||    12
       Petrified         |       |       |       |    24 ||    24
       Petrifying        |       |       |       |     1 ||     1
  Eat: Chunk             |     3 |     3 |    10 |    19 ||    35
       Ration            |       |       |     1 |     1 ||     2
Armor: Robe              |    50 |    23 |    90 |   121 ||   284
Dodge: Dodged            |    91 |    20 |   134 |   148 ||   393
Block: Buckler           |       |       |    20 |    59 ||    79
       Rpst.: Falchion   |       |     1 |    10 |       ||    11
       Long sword        |       |       |    35 |    37 ||    72

Table legend:
 A = Spawn XP
 B = Non-spawn XP
 C = Spawn XP percentage of total XP
 D = Spawn monster count
 E = Non-spawn monster count
 F = Spawn count percentage of total count
 G = Total turns spent on level
                    A         B        C        D         E        F      G
               +---------+---------+-------+---------+---------+-------+---------
         Total |    1419 |   16152 |   8.1 |       5 |     264 |   1.9 | 11235
               +---------+---------+-------+---------+---------+-------+---------
           D:1 |       0 |      30 |   0.0 |       0 |      19 |   0.0 |  1175
           D:2 |       0 |      66 |   0.0 |       0 |      21 |   0.0 |   743
           D:3 |       0 |     559 |   0.0 |       0 |      21 |   0.0 |  1119
           D:4 |       0 |     459 |   0.0 |       0 |      21 |   0.0 |  1122
           D:5 |       0 |     486 |   0.0 |       0 |      28 |   0.0 |   834
           D:6 |       0 |     786 |   0.0 |       0 |      14 |   0.0 |   760
           D:7 |       0 |     683 |   0.0 |       0 |      14 |   0.0 |   596
           D:8 |       0 |    3042 |   0.0 |       0 |      28 |   0.0 |   752
           D:9 |       0 |    5193 |   0.0 |       0 |      33 |   0.0 |  1805
          D:10 |       0 |    2549 |   0.0 |       0 |      31 |   0.0 |  1113
          D:11 |       0 |     259 |   0.0 |       0 |       3 |   0.0 |    32
       Abyss:2 |    1419 |     806 |  63.8 |       5 |       1 |  83.3 |   163
        Bailey |       0 |    1234 |   0.0 |       0 |      30 |   0.0 |   911
               +---------+---------+-------+---------+---------+-------+---------
